AoeStats
← J6X16

Black Forest

510026563Analyzed
3v3 RM · 4d ago on Sep 29, 2026· 53m 58s· 6 players
Game mode
Random Map
Map size
Normal (6 player)
Population
200
Speed
Normal
Resources
Standard
Victory
Conquest
Starting age
Dark Age
Ending age
Imperial Age
RankedLock teamsTeams togetherTeam positionsShared explorationLock speedFull tech treeHidden civsTurbo modeCheats
Victory
Defeat
🇺🇸 Britons · United States
1199
+4
🇺🇸 Saxons · United States
567
+24
🇺🇸 Britons · United States
554
+25
🇺🇸 Lithuanians · United States
875
-20
🇨🇱 Persians · Chile
788
-17
🇺🇸 Japanese · United States
770
-18
jkjunkmailreader
0:28 Loom
12:58 Feudal Age
13:28 Double-Bit Axe
13:26 Horse Collar
21:31 Castle Age
19:56 Stone Mining
20:30 Gold Mining
22:23 Bow Saw
22:26 Heavy Plow
24:52 Stone Shaft Mining
33:05 Imperial Age
31:58 Wheelbarrow
31:30 Fletching
31:55 Caravan
32:11 Bodkin Arrow
32:34 Fortified Wall
32:53 Forging
32:26 Pikeman
33:09 Scale Mail Armor
33:28 Masonry
33:50 Squires
34:58 Chemistry
35:17 Two-Man Saw
35:09 Iron Casting
35:14 Bracer
35:32 Scale Barding Armor
36:44 Crop Rotation
36:33 Hand Cart
36:07 Treadmill Crane
37:45 Chain Mail Armor
37:51 Chain Barding Armor
37:55 Conscription
37:35 Elite Skirmisher
38:18 Halberdier
41:05 Murder Holes
41:42 Architecture
42:24 Elite Leitis
44:00 Plate Barding Armor
J6X16
9:01 Loom
10:55 Feudal Age
12:07 Horse Collar
12:16 Double-Bit Axe
20:40 Castle Age
20:14 Scale Mail Armor
22:56 Chain Mail Armor
22:54 Forging
23:10 Bow Saw
23:15 Heavy Plow
30:14 Imperial Age
29:43 Iron Casting
30:55 Wheelbarrow
31:25 Town Watch
33:14 Hand Cart
35:47 Town Patrol
38:05 Two-Man Saw
39:00 Conscription
39:21 Kataparuto
41:03 Plate Mail Armor
44:53 Blast Furnace
Skadee
11:32 Feudal Age
13:09 Horse Collar
19:47 Castle Age
27:39 Heavy Plow
28:25 Murder Holes
33:38 Forging
39:01 Imperial Age
36:59 Husbandry
37:05 Gold Mining
37:09 Double-Bit Axe
38:24 Thumb Ring
37:48 Pikeman
41:24 Gold Shaft Mining
43:45 Kamandaran
The Algorithm
14:13 Feudal Age
19:48 Castle Age
26:03 Double-Bit Axe
26:00 Horse Collar
26:16 Stone Mining
26:21 Gold Mining
27:21 Heavy Plow
27:36 Bow Saw
28:09 Gold Shaft Mining
37:28 Imperial Age
36:52 Wheelbarrow
38:42 Hand Cart
38:49 Caravan
39:20 Coinage
39:03 Guilds
39:41 Elite Longbowman
41:28 Coinage
41:11 Guilds
44:44 Yeomen
44:28 Warwolf
51:22 Banking
50:55 Caravan
Scipio Aemilianus
0:44 Loom
12:08 Feudal Age
16:56 Castle Age
15:52 Horse Collar
16:18 Double-Bit Axe
18:37 Wheelbarrow
19:53 Bow Saw
24:33 Heavy Plow
27:24 Hand Cart
27:34 Town Watch
32:16 Imperial Age
30:20 Fletching
30:30 Padded Archer Armor
30:40 Forging
30:31 Scale Mail Armor
30:36 Scale Barding Armor
31:06 Squires
30:26 Pikeman
30:52 Arson
30:55 Gambesons
30:31 Man-at-Arms
31:47 Bodkin Arrow
33:08 Ballistics
33:48 Conscription
33:25 Gold Mining
33:25 Stone Mining
33:24 Long Swordsman
34:37 Yeomen
33:41 Halberdier
36:02 Two-Man Saw
34:48 Two-Handed Swordsman
36:17 Gold Shaft Mining
36:15 Caravan
36:46 Bracer
38:44 Iron Casting
38:24 Chain Mail Armor
38:34 Leather Archer Armor
39:32 Chemistry
38:46 Siege Engineers
38:51 Champion
40:16 Elite Longbowman
44:14 Warwolf
45:21 Blast Furnace
44:51 Plate Mail Armor
44:52 Ring Archer Armor
45:44 Murder Holes
Promiscuous Sloth
1:10 Loom
14:33 Feudal Age
18:19 Castle Age
17:42 Double-Bit Axe
26:21 Imperial Age
27:01 Horse Collar
27:32 Bow Saw
27:17 Stone Mining
30:42 Conscription
31:42 Heavy Plow
35:25 Wheelbarrow
38:20 Padded Archer Armor
38:10 Fletching
38:35 Forging
38:25 Scale Mail Armor
37:49 Elite Hearth Troop
39:23 Elite Varangian Guard
39:50 Arson
40:06 Squires
41:18 Hand Cart
45:14 Thumb Ring
44:30 Crossbowman
45:33 Leather Archer Armor
45:14 Bodkin Arrow
45:26 Scale Barding Armor
45:39 Caravan
46:09 Coinage
46:04 Husbandry
46:15 Bloodlines
45:26 Cavalier
46:09 Arbalester
47:32 Ring Archer Armor
Connection lost

Rejoining the realm…

Still unreachable

The connection could not be restored.

Session expired

The server has moved on; the page needs a fresh start.